[Event "Titled Tuesday Blitz January 17 Late 2023"]
[White "Guevara Sanchez, Erick Marvin"]
[Black "Fajdetic, Hrvoje"]
[WhiteFideId "6700136"]
[BlackFideId "14501945"]
[WhiteElo "2073"]
[BlackElo "2151"]
[Result "0-1"]
[Round "09"]
[TimeControl "180+2"]
[Date "2023.01.17"]
[WhiteClock "0:00:43"]
[BlackClock "0:00:04"]

1. e4 c5 2. Nf3 a6 3. c4 Nc6 4. d4 cxd4 5. Nxd4 g6 6. Nc3 Bg7 7. Be3 d6 8. Be2 Nf6 9. h3 O-O 10. O-O Nxd4 11. Bxd4 Be6 12. Qb3 b5 13. Nd5 Nxe4 14. Bxg7 Kxg7 15. cxb5 axb5 16. Bxb5 Qa5 17. a4 Nd2 18. Qd3 Nxf1 19. Qd4+ f6 20. Nxe7 Qxb5 21. axb5 Rxa1 22. f3 Ng3+ 23. Kf2 Nf5 24. Nxf5+ Bxf5 25. Qxd6 Rb1 26. Qd4 Rc8 27. g4 Rc2+ 28. Ke3 Be6 29. Qd6 Bf7 30. b4 Rcb2 31. h4 Rxb4 32. h5 R1b3+ 33. Kf2 gxh5 34. gxh5 Bxh5 35. Qg3+ Bg6 36. Qc7+ Kh6 37. Kg3 Rxb5 38. Qe7 Rg5+ 39. Kf2 Rf5 40. Kg3 Rbxf3+ 41. Kh4 R3f4+ 42. Kh3 Rf2 43. Kg3 R5f3+ 44. Kg4 Bf5+ 45. Kh4 Rh3# 0-1


[Site "https://www.chess.com"]

[Event "Titled Tuesday Blitz January 17 Late 2023"]
[White "Vargas, Mauricio"]
[Black "Stead, Kerry"]
[WhiteFideId "4404572"]
[BlackFideId "3202577"]
[WhiteElo "2035"]
[BlackElo "1908"]
[Result "0-1"]
[Round "09"]
[TimeControl "180+2"]
[Date "2023.01.17"]
[WhiteClock "0:00:02"]
[BlackClock "0:00:10"]

1. e4 c6 2. d4 d5 3. e5 Bf5 4. g4 Be4 5. f3 Bg6 6. h4 h5 7. e6 Qd6 8. exf7+ Bxf7 9. Ne2 hxg4 10. fxg4 Nf6 11. Bf4 Qb4+ 12. Nbc3 Ne4 13. Qd3 Be6 14. g5 Bf5 15. Qe3 Nd7 16. a3 Qxb2 17. Rb1 Qxc2 18. Rxb7 e6 19. Nxe4 Bxe4 20. Rh2 Qa2 21. Kf2 Bxa3 22. Kg3 Nb6 23. Bh3 O-O 24. Bxe6+ Kh8 25. g6 Nc4 26. Rxg7 Kxg7 27. Bh6+ Kf6 28. Qg5+ Kxe6 29. Nf4+ Kd7 30. Rxa2 Be7 31. Qg4+ Bf5 32. Qd1 Rg8 33. g7 Bf6 34. Qh5 Be6 35. Qg6 Ke7 36. Nxe6 Kxe6 37. Re2+ Kd7 38. Qxf6 Kc7 39. Re7+ Kb6 40. Rf7 Rac8 41. Rf8 a5 42. Rxg8 Rxg8 43. Qf7 Rxg7+ 44. Qxg7 a4 45. Bg5 a3 46. Qg8 Kb5 0-1


[Site "https://www.chess.com"]

[Event "Titled Tuesday Blitz January 17 Late 2023"]
[White "Bongo Akanga Ndjila, Barthelemy"]
[Black "Stanisz, Patryk"]
[WhiteFideId "10609431"]
[BlackFideId "1123106"]
[WhiteElo "1824"]
[BlackElo "2161"]
[Result "0-1"]
[Round "09"]
[TimeControl "180+2"]
[Date "2023.01.17"]
[WhiteClock "0:00:03"]
[BlackClock "0:00:46"]

1. d4 d5 2. Nf3 Nf6 3. c4 c6 4. Qc2 dxc4 5. Qxc4 Nbd7 6. Nbd2 Nb6 7. Qc2 g6 8. e4 Bg7 9. b4 O-O 10. Bb2 a5 11. a3 axb4 12. axb4 Rxa1+ 13. Bxa1 Bg4 14. Bd3 Re8 15. O-O Qc7 16. h3 Be6 17. Ng5 Bd7 18. f4 Ra8 19. f5 Qg3 20. Ngf3 Nh5 21. Kh1 Nf4 22. Rg1 Rxa1 23. Nf1 Rxf1 24. Rxf1 gxf5 25. exf5 Nbd5 26. Be4 Ne3 27. Qb1 Nfxg2 28. Ng1 Bxd4 29. Bxg2 Qxg2# 0-1


[Site "https://www.chess.com"]

[Event "Titled Tuesday Blitz January 17 Late 2023"]
[White "Marcolino, Daniel Mattos"]
[Black "Souza, Gustavo Horokoski De"]
[WhiteFideId "2106841"]
[BlackFideId "2146584"]
[WhiteElo "2006"]
[BlackElo "1943"]
[Result "0-1"]
[Round "09"]
[TimeControl "180+2"]
[Date "2023.01.17"]
[WhiteClock "0:00:09"]
[BlackClock "0:00:14"]

1. d4 Nf6 2. Nf3 g6 3. g3 Bg7 4. Bg2 O-O 5. O-O d5 6. c4 c6 7. b3 Nbd7 8. Bb2 Re8 9. e3 Ne4 10. Nbd2 Nxd2 11. Nxd2 dxc4 12. bxc4 Nb6 13. Rc1 e5 14. dxe5 Bxe5 15. Bxe5 Rxe5 16. Qc2 Bf5 17. Qb2 Re7 18. Rfd1 Rd7 19. e4 Bg4 20. f3 Be6 21. Qc2 Qe7 22. c5 Nc8 23. Nb3 a5 24. Nd4 Na7 25. f4 Rad8 26. Nxe6 Rxd1+ 27. Rxd1 Rxd1+ 28. Qxd1 Qxe6 29. Qd8+ Kg7 30. Qxa5 Nb5 31. Qd2 Qc4 32. Qf2 Nd4 33. Bf1 Qxc5 34. h4 b5 35. Kg2 Qc3 36. f5 Nc2 37. fxg6 hxg6 38. Kh2 Ne3 39. Bh3 Nc4 40. h5 Qd2 41. Qxd2 Nxd2 42. Bd7 Nxe4 43. Bxc6 Nc3 44. hxg6 fxg6 45. Kg2 b4 46. Ba4 Nxa4 47. Kf3 Nc3 48. Ke3 Nxa2 49. Kd3 Nc1+ 50. Kc2 Ne2 51. g4 Kf6 52. Kb3 Kg5 53. Kxb4 Kxg4 54. Kc4 Kf3 55. Kd5 g5 56. Ke5 g4 0-1


[Site "https://www.chess.com"]

[Event "Titled Tuesday Blitz January 17 Late 2023"]
[White "Cella, Glaucio Dalla Cortt"]
[Black "Weisz, Bryan"]
[WhiteFideId "2119455"]
[BlackFideId "30934133"]
[WhiteElo "1894"]
[BlackElo "1973"]
[Result "1-0"]
[Round "09"]
[TimeControl "180+2"]
[Date "2023.01.17"]
[WhiteClock "0:01:17"]
[BlackClock "0:01:52"]

1. e4 e6 2. Nf3 d5 3. exd5 exd5 4. d4 Nf6 5. c3 Bd6 6. Bd3 O-O 7. O-O Nc6 8. Bg5 h6 9. Bh4 g5 10. Bg3 Ne7 11. Qc2 Bg4 12. Nbd2 Qd7 13. Ne5 Bxe5 14. Bxe5 Kg7 15. f4 Ng6 16. fxg5 Nxe5 17. gxf6+ Kh8 18. dxe5 Rae8 19. Bf5 Bxf5 20. Qxf5 Qb5 21. Qf4 Kh7 22. Rf3 Rh8 23. Rg3 Qc5+ 24. Qd4 Qf8 25. Rg7+ 1-0


[Site "https://www.chess.com"]

[Event "Titled Tuesday Blitz January 17 Late 2023"]
[White "Duda, Jan-Krzysztof"]
[Black "Andreikin, Dmitry"]
[WhiteFideId "1170546"]
[BlackFideId "4158814"]
[WhiteElo "2724"]
[BlackElo "2729"]
[Result "1-0"]
[Round "10"]
[TimeControl "180+2"]
[Date "2023.01.17"]
[WhiteClock "0:00:08"]
[BlackClock "0:00:02"]

1. c4 e6 2. Nf3 d5 3. b3 Nf6 4. Bb2 c5 5. cxd5 exd5 6. e3 Nc6 7. Bb5 Bd6 8. O-O O-O 9. Bxc6 bxc6 10. d3 Bf5 11. h3 Re8 12. Nh4 Be6 13. Nd2 a5 14. a4 Ne4 15. dxe4 Qxh4 16. e5 Bf8 17. Rc1 Qb4 18. f4 Bf5 19. Bc3 Qb6 20. Qe2 d4 21. Ba1 Be6 22. f5 Bd5 23. e6 fxe6 24. f6 gxf6 25. e4 Bxb3 26. Rb1 c4 27. Qg4+ Bg7 28. Nxc4 Qb4 29. Rfc1 Rab8 30. Bxd4 Qxa4 31. Bxf6 Rb7 32. Nd6 Rf8 33. Nxb7 Rxf6 34. Nc5 Qd4+ 35. Kh1 a4 36. Nxb3 axb3 37. Rxb3 Rg6 38. Rb8+ Kf7 39. Qf3+ Ke7 40. Rb7+ Ke8 41. Qf7+ Kd8 42. Rb8# 1-0


[Site "https://www.chess.com"]

[Event "Titled Tuesday Blitz January 17 Late 2023"]
[White "Abdrlauf, Elham"]
[Black "Nakamura, Hikaru"]
[WhiteFideId "1533533"]
[BlackFideId "2016192"]
[WhiteElo "2518"]
[BlackElo "2775"]
[Result "0-1"]
[Round "10"]
[TimeControl "180+2"]
[Date "2023.01.17"]
[WhiteClock "0:00:19"]
[BlackClock "0:00:55"]

1. e4 e5 2. Nc3 Nc6 3. Bc4 Nf6 4. d3 Na5 5. Qf3 c6 6. a4 Nxc4 7. dxc4 Bc5 8. Nge2 d6 9. h3 Be6 10. b3 Nd7 11. Be3 a5 12. O-O O-O 13. Rad1 f5 14. Bxc5 Nxc5 15. Rd2 Qe7 16. exf5 Bxf5 17. Qe3 Na6 18. Ng3 Nb4 19. Nxf5 Rxf5 20. Rfd1 Raf8 21. f3 h6 22. Rxd6 Nxc2 23. Qe4 Nb4 24. Rd7 Qg5 25. Kh1 Na6 26. Qg4 Nc5 27. Re7 Qxe7 0-1


[Site "https://www.chess.com"]

[Event "Titled Tuesday Blitz January 17 Late 2023"]
[White "Tang, Andrew"]
[Black "Bernadskiy, Vitaliy"]
[WhiteFideId "2059630"]
[BlackFideId "14100371"]
[WhiteElo "2523"]
[BlackElo "2592"]
[Result "1-0"]
[Round "10"]
[TimeControl "180+2"]
[Date "2023.01.17"]
[WhiteClock "0:02:11"]
[BlackClock "0:00:30"]

1. d4 Nf6 2. c4 g6 3. f3 Bg7 4. e4 d6 5. Nc3 O-O 6. Nge2 c5 7. d5 e6 8. Ng3 Na6 9. Be2 exd5 10. cxd5 Bd7 11. O-O Rb8 12. a4 Nb4 13. Bf4 Ne8 14. Qd2 a6 15. Bg5 Nf6 16. Bh6 b5 17. axb5 axb5 18. Bxg7 Kxg7 19. f4 c4 20. e5 Ne8 21. Nce4 Qb6+ 22. Kh1 Na6 23. f5 dxe5 24. f6+ Kg8 25. Qh6 1-0


[Site "https://www.chess.com"]

[Event "Titled Tuesday Blitz January 17 Late 2023"]
[White "Rasulov, Vugar"]
[Black "Borges Feria, Yasel"]
[WhiteFideId "13402390"]
[BlackFideId "3504921"]
[WhiteElo "2523"]
[BlackElo "2439"]
[Result "1-0"]
[Round "10"]
[TimeControl "180+2"]
[Date "2023.01.17"]
[WhiteClock "0:00:15"]
[BlackClock "0:00:25"]

1. d4 Nf6 2. c4 e6 3. Nf3 b6 4. g3 Bb7 5. Bg2 Bb4+ 6. Bd2 c5 7. O-O O-O 8. Bg5 cxd4 9. Qxd4 Be7 10. Nc3 h6 11. Bxf6 Bxf6 12. Qd2 Bxc3 13. Qxc3 Qc7 14. Rac1 Rd8 15. Rfd1 d6 16. Nd4 Bxg2 17. Kxg2 a6 18. Qf3 Ra7 19. b4 Qb7 20. a3 Qxf3+ 21. exf3 Rc7 22. f4 Nc6 23. Nb3 Kf8 24. c5 bxc5 25. bxc5 d5 26. Nd2 Rb8 27. Nf3 Rb3 28. f5 Rxa3 29. Rb1 Rc3 30. Rb6 Rxc5 31. Rxa6 Ke7 32. Re1 Kf6 33. fxe6 fxe6 34. Ra8 g5 35. Rh8 Kg7 36. Re8 Kf7 37. R8xe6 g4 38. Nh4 Re7 39. R6e2 Rxe2 40. Rxe2 d4 41. Rd2 Ke6 42. h3 h5 43. Ng6 gxh3+ 44. Kxh3 Kd5 45. Nf4+ Kc4 46. Kg2 Kc3 47. Ra2 Nb4 48. Ra3+ Kc2 49. Ra4 Kc3 50. Ra3+ Kc2 51. Ra4 Kc3 52. Kf3 d3 53. Rxb4 Kxb4 54. Nxd3+ Kc4 55. Nxc5 Kxc5 56. Kf4 Kd4 57. Kg5 Ke4 58. Kxh5 Kf3 59. g4 Kxf2 60. g5 1-0


[Site "https://www.chess.com"]

[Event "Titled Tuesday Blitz January 17 Late 2023"]
[White "Artemiev, Vladislav"]
[Black "Sanal, Vahap"]
[WhiteFideId "24101605"]
[BlackFideId "6300545"]
[WhiteElo "2701"]
[BlackElo "2600"]
[Result "1-0"]
[Round "10"]
[TimeControl "180+2"]
[Date "2023.01.17"]
[WhiteClock "0:00:22"]
[BlackClock "0:00:01"]

1. Nf3 c5 2. c4 d6 3. d4 cxd4 4. Nxd4 g6 5. Nc3 Bg7 6. e4 Nc6 7. Be3 Nf6 8. Be2 O-O 9. O-O a5 10. Ndb5 h5 11. h3 Be6 12. f4 Bd7 13. Bf3 Rb8 14. Qe2 Nb4 15. Rad1 Na6 16. Qf2 Bc6 17. e5 Ne8 18. exd6 exd6 19. f5 Qf6 20. fxg6 fxg6 21. Qd2 Bxf3 22. Rxf3 Qe6 23. Rxf8+ Bxf8 24. Nd5 Bg7 25. Re1 Qf7 26. Bd4 Be5 27. Bxe5 dxe5 28. Rxe5 Rd8 29. Qg5 Ra8 30. Nd4 Ng7 31. Re7 Qf8 32. Nf6+ Kh8 33. Qh6# 1-0


[Site "https://www.chess.com"]

[Event "Titled Tuesday Blitz January 17 Late 2023"]
[White "Zierk, Steven"]
[Black "Sarana, Alexey"]
[WhiteFideId "2034255"]
[BlackFideId "24133795"]
[WhiteElo "2488"]
[BlackElo "2685"]
[Result "0-1"]
[Round "10"]
[TimeControl "180+2"]
[Date "2023.01.17"]
[WhiteClock "0:00:16"]
[BlackClock "0:00:18"]

1. e4 e5 2. Nf3 Nc6 3. Bc4 Nf6 4. d3 d5 5. exd5 Nxd5 6. O-O Bg4 7. h3 Bh5 8. Re1 Qd6 9. Nc3 Nxc3 10. bxc3 O-O-O 11. g4 Bg6 12. Ng5 Qf6 13. Qf3 Qxf3 14. Nxf3 f6 15. Be3 e4 16. Nh4 exd3 17. Nxg6 hxg6 18. Bxd3 Ne5 19. Be2 Rxh3 20. Kg2 Rh4 21. Rh1 Rxh1 22. Rxh1 g5 23. Rb1 b6 24. a4 Bd6 25. a5 Ng6 26. Bd3 Nh4+ 27. Kf1 Bf4 28. Bxf4 gxf4 29. Rb4 g5 30. Re4 Nf3 31. Re6 Rd6 32. Re8+ Kd7 33. Ra8 bxa5 34. Rxa7 Rd5 35. Ra8 Rc5 36. Rf8 Ke7 37. Ra8 Ne5 38. Bf5 Nc4 39. Ke2 Nd6 40. Bd3 Nf7 41. f3 Ne5 42. Be4 Rxc3 43. Rxa5 Re3+ 44. Kf2 Nxg4+ 45. Kg2 Ne5 46. Rc5 c6 47. Kf2 Ra3 0-1


[Site "https://www.chess.com"]

[Event "Titled Tuesday Blitz January 17 Late 2023"]
[White "Martinez Alcantara, Jose Eduardo"]
[Black "Bortnyk, Mykola"]
[WhiteFideId "3805662"]
[BlackFideId "14120836"]
[WhiteElo "2619"]
[BlackElo "2425"]
[Result "1/2-1/2"]
[Round "10"]
[TimeControl "180+2"]
[Date "2023.01.17"]
[WhiteClock "0:00:25"]
[BlackClock "0:00:17"]

1. Nf3 c5 2. g3 g6 3. Bg2 Bg7 4. O-O Nc6 5. c4 Nf6 6. Nc3 O-O 7. d4 cxd4 8. Nxd4 a6 9. c5 Qc7 10. Nb3 b6 11. Bf4 Qa7 12. Be3 bxc5 13. Rc1 Qc7 14. Nxc5 Ng4 15. Bf4 Qa7 16. N3a4 e5 17. Bd2 Rb8 18. h3 Nf6 19. Be3 Nd4 20. Bxd4 exd4 21. Qxd4 Re8 22. Qd3 d5 23. e3 h5 24. a3 Rd8 25. b4 a5 26. b5 Bf5 27. Qb3 Ne4 28. b6 Qe7 29. Nxe4 dxe4 30. Rc7 Qe8 31. Nc5 Be5 32. Ra7 Rdc8 33. Nxe4 Rc6 34. b7 Rc7 35. Ng5 Bf6 36. h4 Bxg5 37. hxg5 Be4 38. Rxa5 Bxg2 39. Kxg2 Rcxb7 40. Qd5 Qe7 41. Qf3 Rb5 42. Rxb5 Rxb5 43. a4 Rxg5 44. Rb1 Rf5 45. Rb7 Qf6 46. Rb8+ Kh7 47. Qe2 h4 48. e4 h3+ 49. Kxh3 Rxf2 50. Qg4 Ra2 51. Qh4+ Qxh4+ 52. Kxh4 Rxa4 53. Re8 Kg7 54. Kg4 f5+ 55. Kf4 fxe4 56. Re5 Kf6 57. Rxe4 g5+ 58. Kf3 Rxe4 59. Kxe4 Ke6 60. g4 Kf6 61. Kd5 Kf7 62. Ke5 Kf8 63. Ke6 Kg8 64. Kf5 Kf8 65. Kf6 Kg8 66. Kxg5 Kg7 67. Kf5 Kf7 68. Kg5 Kg7 69. Kh4 Kh6 70. Kg3 Kg5 71. Kf3 Kg6 72. Kf4 Kf6 73. g5+ Kg6 74. Kg4 Kg7 75. Kh4 Kg6 76. Kg4 Kg7 77. Kf5 Kf7 78. g6+ Kg7 79. Kg5 Kg8 80. Kg4 Kg7 81. Kh5 Kg8 82. Kg5 Kg7 83. Kf5 Kg8 84. Kf6 Kf8 85. Kg5 Kg7 86. Kh5 Kg8 87. Kh6 Kh8 88. g7+ Kg8 89. Kg6 1/2-1/2


[Site "https://www.chess.com"]

[Event "Titled Tuesday Blitz January 17 Late 2023"]
[White "Oparin, Grigoriy"]
[Black "Paravyan, David"]
[WhiteFideId "24125890"]
[BlackFideId "4194985"]
[WhiteElo "2667"]
[BlackElo "2601"]
[Result "1/2-1/2"]
[Round "10"]
[TimeControl "180+2"]
[Date "2023.01.17"]
[WhiteClock "0:00:12"]
[BlackClock "0:00:04"]

1. Nf3 Nf6 2. c4 g6 3. Nc3 d5 4. cxd5 Nxd5 5. g3 Bg7 6. Bg2 O-O 7. O-O c5 8. Nxd5 Qxd5 9. d3 Nc6 10. Be3 Bd7 11. d4 cxd4 12. Nxd4 Qh5 13. Nxc6 Bxc6 14. Bxc6 bxc6 15. Qc2 Qb5 16. Rab1 a5 17. Rfc1 a4 18. Kf1 Qd5 19. Qxc6 Qxa2 20. Qc4 Qxc4 21. Rxc4 Rfc8 22. Re4 f5 23. Rxe7 Rcb8 24. Ba7 Rb4 25. Bc5 Rb3 26. Ba3 Bf8 27. Re3 Bxa3 28. Rxb3 axb3 29. bxa3 Rxa3 30. Ke1 Kf7 31. Kd2 Ke6 32. Kc3 Ra2 33. Rb2 Ra1 34. Kxb3 g5 35. Kc3 Rh1 36. h4 gxh4 37. gxh4 Rxh4 38. Kd3 h5 39. Ke3 Kf6 40. Kf3 Rg4 41. Rb8 Rg7 42. Kf4 Rg4+ 43. Kf3 h4 44. Rf8+ Ke6 45. Rh8 Kf7 46. Rh5 Kg6 47. Rh8 Kg7 48. Rh5 Kf6 49. Rh6+ Kg5 50. Rh8 Ra4 51. Rg8+ Kf6 52. Rh8 Kg5 53. Rg8+ Kf6 54. Rh8 Kg5 1/2-1/2


[Site "https://www.chess.com"]

[Event "Titled Tuesday Blitz January 17 Late 2023"]
[White "Dominguez Perez, Leinier"]
[Black "Chigaev, Maksim"]
[WhiteFideId "3503240"]
[BlackFideId "4108116"]
[WhiteElo "2739"]
[BlackElo "2628"]
[Result "1-0"]
[Round "10"]
[TimeControl "180+2"]
[Date "2023.01.17"]
[WhiteClock "0:00:13"]
[BlackClock "0:00:04"]

1. d4 Nf6 2. Nf3 g6 3. e3 Bg7 4. Be2 O-O 5. O-O d6 6. c4 Nbd7 7. Nc3 e5 8. Qc2 Re8 9. Rd1 exd4 10. Nxd4 Nc5 11. f3 a5 12. e4 c6 13. Be3 Nfd7 14. Qd2 a4 15. Rab1 Qa5 16. b4 axb3 17. axb3 Qb4 18. Bf2 Ra3 19. Nc2 Nxb3 20. Qxd6 Qxc3 21. Qxa3 Qxc2 22. Bd3 Qc3 23. Qxb3 Qe5 24. Bc2 Nc5 25. Qb4 Ne6 26. c5 h5 27. Bb3 Nf4 28. Qd2 Ne6 29. Qd6 Qg5 30. Bxe6 Bxe6 31. Rxb7 Be5 32. Qd2 Bf4 33. h4 Qf6 34. Qd4 Be5 35. Qe3 Ra8 36. Qg5 Qxg5 37. hxg5 Ra2 38. Bd4 Bxd4+ 39. Rxd4 Rc2 40. Rd8+ Kg7 41. Rbb8 1-0


[Site "https://www.chess.com"]

[Event "Titled Tuesday Blitz January 17 Late 2023"]
[White "Urazayev, Arystanbek"]
[Black "Eljanov, Pavel"]
[WhiteFideId "13709810"]
[BlackFideId "14102951"]
[WhiteElo "2460"]
[BlackElo "2705"]
[Result "1-0"]
[Round "10"]
[TimeControl "180+2"]
[Date "2023.01.17"]
[WhiteClock "0:00:01"]
[BlackClock "0:00:01"]

1. e4 c6 2. Nf3 d5 3. exd5 cxd5 4. d4 Nc6 5. c3 Bf5 6. Qb3 Qd7 7. Nh4 Bg4 8. h3 Bh5 9. g4 Bg6 10. Nxg6 hxg6 11. Bg2 e6 12. Be3 Bd6 13. Nd2 Nf6 14. O-O-O Qc7 15. Kb1 O-O-O 16. Qa4 Qa5 17. Qxa5 Nxa5 18. Nf3 Nc4 19. Ng5 Rd7 20. Bc1 Nh7 21. f4 Nxg5 22. fxg5 Bg3 23. Rhf1 Nd6 24. Kc2 Bh4 25. Kd3 Rf8 26. b3 Rfd8 27. Bf4 f5 28. gxf6 gxf6 29. Rd2 f5 30. Rc2 b5 31. Ra1 Rb7 32. a4 bxa4 33. Rxa4 Kd7 34. Rca2 Rxb3 35. Rxa7+ Ke8 36. Rh7 Be7 37. Ra7 Rb7 38. Ra6 Bf8 39. Rh8 Kf7 40. Be5 Rc8 41. Bxd6 1-0


[Site "https://www.chess.com"]

[Event "Titled Tuesday Blitz January 17 Late 2023"]
[White "Naroditsky, Daniel"]
[Black "Ibarra Jerez, Jose Carlos"]
[WhiteFideId "2026961"]
[BlackFideId "2226332"]
[WhiteElo "2618"]
[BlackElo "2563"]
[Result "1/2-1/2"]
[Round "10"]
[TimeControl "180+2"]
[Date "2023.01.17"]
[WhiteClock "0:00:32"]
[BlackClock "0:01:27"]

1. e4 c5 2. Nf3 Nc6 3. Bb5 e6 4. O-O Nge7 5. b3 Nd4 6. Nxd4 cxd4 7. Bb2 a6 8. Be2 Nc6 9. c3 Bc5 10. Na3 e5 11. Nc2 dxc3 12. dxc3 O-O 13. c4 d6 14. Qd2 a5 15. Rad1 Be6 16. Kh1 Qb6 17. f4 f6 18. Bc3 Nb4 19. Na3 Nd3 20. Bxd3 Bxa3 21. f5 Bf7 22. g4 Bb4 23. Rg1 Bxc3 24. Qxc3 Qe3 25. Rg3 Qg5 26. Bc2 Rfd8 27. Kg2 b6 28. h3 Rac8 29. a4 d5 30. Rgd3 d4 31. Qe1 h5 32. Rg3 h4 33. Rf3 Rc5 34. Bd3 Kh7 35. Qf2 Rdc8 36. Qe1 R8c7 37. Qf2 Kh6 38. Kh2 Rc8 39. Qe2 R8c7 40. Qf2 Rc8 41. Rf1 R8c7 42. Qe2 Rc8 43. R3f2 R8c7 44. Qb2 Rd7 45. Re2 Rdc7 46. Qc2 Rc8 47. Qb2 Kh7 48. Qc2 R8c7 49. Qb2 Rc8 50. Qc2 R8c7 51. Qb2 Rc8 1/2-1/2


[Site "https://www.chess.com"]

[Event "Titled Tuesday Blitz January 17 Late 2023"]
[White "Riehle, Marco"]
[Black "Sadhwani, Raunak"]
[WhiteFideId "12904392"]
[BlackFideId "35093487"]
[WhiteElo "2368"]
[BlackElo "2627"]
[Result "0-1"]
[Round "10"]
[TimeControl "180+2"]
[Date "2023.01.17"]
[WhiteClock "0:01:34"]
[BlackClock "0:01:14"]

1. e4 g6 2. d4 Bg7 3. c4 d6 4. Nc3 Nd7 5. f3 e5 6. d5 Ne7 7. g4 h5 8. g5 f5 9. gxf6 Nxf6 10. Be3 O-O 11. Qd2 c6 12. O-O-O cxd5 13. cxd5 Bd7 14. Bd3 Rc8 15. Kb1 Qa5 16. Nge2 Nh7 17. Rdf1 a6 18. Rhg1 b5 19. Bh6 b4 20. Nd1 Qc5 21. Bxg7 Kxg7 22. Ne3 a5 23. Ng3 Kh8 24. Nc2 Bh3 25. Rc1 Rxf3 26. Be2 Rf7 27. Qh6 Qf2 28. Rgf1 Bxf1 29. Rxf1 Qc5 30. Rc1 a4 31. b3 axb3 32. axb3 Qc3 33. Bc4 Rxc4 34. bxc4 Qb3+ 35. Ka1 Ng8 0-1


[Site "https://www.chess.com"]

[Event "Titled Tuesday Blitz January 17 Late 2023"]
[White "Kamsky, Gata"]
[Black "Nasuta, Grzegorz"]
[WhiteFideId "2000024"]
[BlackFideId "1141686"]
[WhiteElo "2665"]
[BlackElo "2552"]
[Result "1-0"]
[Round "10"]
[TimeControl "180+2"]
[Date "2023.01.17"]
[WhiteClock "0:00:20"]
[BlackClock "0:00:06"]

1. e4 c5 2. Nf3 d6 3. d4 cxd4 4. Nxd4 Nf6 5. Nc3 a6 6. a4 e6 7. a5 Be7 8. Bd3 Nc6 9. Nxc6 bxc6 10. O-O O-O 11. Bd2 Bb7 12. Na4 c5 13. f3 Nd7 14. Bc3 Qc7 15. b3 Bc6 16. Qe2 Qb7 17. f4 Bb5 18. Nb2 Rfe8 19. Rf3 Bf6 20. e5 Be7 21. exd6 Bxd6 22. Nc4 Be7 23. Be4 Bc6 24. Bxc6 Qxc6 25. Rd1 Bf6 26. Be5 Bxe5 27. fxe5 Nf8 28. Nb6 Ra7 29. Rd6 Qc7 30. h4 Rd8 31. Rfd3 Rxd6 32. exd6 Qc6 33. Qe5 Nd7 34. Nxd7 Rxd7 35. Rg3 f6 36. Qxe6+ Kf8 37. Rd3 Qc8 38. h5 Qe8 39. Qd5 Qe5 40. Qxe5 fxe5 41. Rd5 e4 42. Kf2 Kf7 43. Ke3 Ke6 44. Kxe4 1-0


[Site "https://www.chess.com"]

[Event "Titled Tuesday Blitz January 17 Late 2023"]
[White "Yuan, Qingyu"]
[Black "Svane, Frederik"]
[WhiteFideId "8609772"]
[BlackFideId "12923044"]
[WhiteElo "2373"]
[BlackElo "2600"]
[Result "1-0"]
[Round "10"]
[TimeControl "180+2"]
[Date "2023.01.17"]
[WhiteClock "0:00:39"]
[BlackClock "0:00:01"]

1. e4 c6 2. d4 d5 3. exd5 cxd5 4. Bd3 Nf6 5. h3 Nc6 6. c3 e5 7. dxe5 Nxe5 8. Nf3 Nxd3+ 9. Qxd3 Bd6 10. O-O O-O 11. Be3 Re8 12. Nbd2 Bc7 13. Rad1 Qd6 14. Rfe1 Bd7 15. Bd4 Ne4 16. Nxe4 dxe4 17. Rxe4 Rxe4 18. Qxe4 Re8 19. Qc2 Qc6 20. Qd3 Be6 21. Ng5 g6 22. Nxe6 Qxe6 23. Qd2 Qxa2 24. Qh6 Be5 25. Bxe5 Qa4 26. Qg7# 1-0


[Site "https://www.chess.com"]

[Event "Titled Tuesday Blitz January 17 Late 2023"]
[White "Remizov, Yaroslav"]
[Black "Pakleza, Zbigniew"]
[WhiteFideId "34134015"]
[BlackFideId "1119290"]
[WhiteElo "2421"]
[BlackElo "2494"]
[Result "0-1"]
[Round "10"]
[TimeControl "180+2"]
[Date "2023.01.17"]
[WhiteClock "0:00:01"]
[BlackClock "0:01:20"]

1. e4 d6 2. d4 Nf6 3. Nc3 c6 4. Nf3 Bg4 5. h3 Bh5 6. Bg5 Qb6 7. Qd2 e6 8. O-O-O d5 9. Bxf6 gxf6 10. a3 Nd7 11. Be2 Bg6 12. Bd3 O-O-O 13. Rhe1 Bd6 14. g3 Kb8 15. Bf1 a6 16. Nh4 Qc7 17. Nxg6 hxg6 18. h4 b5 19. Kb1 Nb6 20. Re3 f5 21. e5 Be7 22. f4 Nc4 23. Bxc4 dxc4 24. Qg2 c5 25. dxc5 Bxc5 26. Re2 b4 27. axb4 Bxb4 28. Red2 Bxc3 29. bxc3 Qb6+ 30. Kc1 Qe3 31. Qc6 Rxd2 32. Rxd2 Rd8 33. Qg2 Qe1+ 34. Kb2 Qxd2 35. Qc6 Qd7 36. Qc5 Qb5+ 0-1


[Site "https://www.chess.com"]

[Event "Titled Tuesday Blitz January 17 Late 2023"]
[White "Bjelobrk, Igor"]
[Black "Solon, Nathan"]
[WhiteFideId "4300726"]
[BlackFideId "2017229"]
[WhiteElo "2403"]
[BlackElo "2306"]
[Result "1-0"]
[Round "10"]
[TimeControl "180+2"]
[Date "2023.01.17"]
[WhiteClock "0:00:23"]
[BlackClock "0:00:06"]

1. Nf3 c5 2. c4 Nf6 3. d4 cxd4 4. Nxd4 e5 5. Nb5 d5 6. cxd5 Bc5 7. N5c3 O-O 8. g3 Ng4 9. e3 f5 10. Be2 Nf6 11. Nd2 Nbd7 12. Nc4 a6 13. a4 e4 14. O-O Nb6 15. Nxb6 Qxb6 16. a5 Qd6 17. Qb3 Kh8 18. Rd1 Bd7 19. Bd2 Rab8 20. Be1 b5 21. axb6 Rxb6 22. Qa2 Rfb8 23. Na4 Bxa4 24. Qxa4 Rxb2 25. Qxa6 Qxa6 26. Bxa6 Ng4 27. d6 Rd8 28. d7 Ne5 29. Bc3 Nf3+ 30. Kg2 Rc2 31. Rac1 Rxc1 32. Rxc1 Rxd7 33. Be2 Ng5 34. Bxg7+ Kxg7 35. Rxc5 Kf6 36. Rc6+ Kg7 37. h4 Nf7 38. h5 h6 39. Rg6+ Kf8 40. Rf6 Ke7 41. Rxf5 Rd2 42. Kf1 Ng5 43. Bg4 Rb2 44. Ra5 Rb1+ 45. Kg2 Rb2 46. Ra6 Nf7 47. Rg6 Ne5 48. Re6+ 1-0


[Site "https://www.chess.com"]

[Event "Titled Tuesday Blitz January 17 Late 2023"]
[White "Jobava, Baadur"]
[Black "Domingo Nunez, Ruben"]
[WhiteFideId "13601520"]
[BlackFideId "22245570"]
[WhiteElo "2578"]
[BlackElo "2416"]
[Result "1-0"]
[Round "10"]
[TimeControl "180+2"]
[Date "2023.01.17"]
[WhiteClock "0:00:03"]
[BlackClock "0:00:15"]

1. b3 d6 2. Bb2 Nd7 3. d4 Ngf6 4. Nf3 g6 5. g3 Bg7 6. Bg2 O-O 7. O-O c5 8. dxc5 Nxc5 9. c4 Rb8 10. Nc3 a6 11. b4 Ne6 12. a4 Qd7 13. a5 Qc7 14. Qb3 Bd7 15. Rfc1 Rfc8 16. Nd5 Qd8 17. Nxf6+ exf6 18. Nd2 b6 19. axb6 Qxb6 20. Ne4 Qxb4 21. Qxb4 Rxb4 22. Bxf6 Rbxc4 23. Rxc4 Rxc4 24. Bxg7 Kxg7 25. Nxd6 Rc2 26. e3 Nc5 27. Bf1 Bc6 28. h4 h5 29. Nc4 Ne4 30. Bd3 Rc3 31. Ne5 Bb7 32. Rb1 Nc5 33. Bf1 Kf6 34. Nd7+ Nxd7 35. Rxb7 Nc5 36. Rb6+ Kg7 37. Bxa6 Nxa6 38. Rxa6 Rc2 39. Kg2 Rb2 40. Kf3 Rc2 41. Rd6 Rb2 42. Rd3 Ra2 43. e4 Ra4 44. Ke3 Ra1 45. f3 Re1+ 46. Kf4 Rg1 47. e5 Re1 48. Rd7 Kf8 49. Ra7 Re2 50. Ra5 Rb2 51. Ra3 Kg7 52. Kg5 Rb5 53. Kf4 Rb4+ 54. Ke3 Rb1 55. Rd3 Re1+ 56. Kf4 Kf8 57. Re3 Rb1 58. Kg5 Kg7 59. f4 Rb4 60. g4 hxg4 61. Kxg4 Ra4 62. Rd3 Rb4 63. Rd7 Re4 64. Kf3 Re1 65. Rc7 Kf8 66. Kg4 Kg7 67. Kf3 Kf8 68. Rc6 Kg7 69. Rf6 Rh1 70. Kg4 Rg1+ 71. Kf3 Rh1 72. Kg3 Rg1+ 73. Kh2 Rg4 74. Kh3 Rg1 75. Rd6 Rf1 76. Rd4 Kh6 77. Kg3 Rg1+ 78. Kh2 Rg4 79. Kh3 Kh5 80. Rd8 Rxh4+ 81. Kg3 Rg4+ 82. Kf3 1-0


[Site "https://www.chess.com"]